 Dungeon Crawl Stone Soup version 0.30-a0-652-gcc886f7154 (webtiles) character file.

Game seed: 7814343939531597610

6 mikeweasel the Ducker (level 1, 0/18 HPs)
             Began as a Merfolk Monk on Jan 17, 2023.
             Slain by a jackal (1 damage)
             ... on level 1 of the Dungeon.
             The game lasted 00:01:56 (97 turns).

mikeweasel the Ducker (Merfolk Monk)                  Turns: 97, Time: 00:01:57

Health: 0/18       AC:  2    Str: 11    XL:     1   Next: 90%
Magic:  1/1        EV: 14    Int:  9    God:
Gold:   0          SH:  0    Dex: 16    Spells: 0/0 levels left

rFire   . . .      SeeInvis .    a - +0 short sword
rCold   . . .      Faith    .    (no shield)
rNeg    . . .      Spirit   .    b - +0 robe
rPois   .          Reflect  .    (no helmet)
rElec   .          Harm     .    (no cloak)
rCorr   .          Rampage  .    (no gloves)
Will    .....                    (no boots)
Stlth   ++                       (no amulet)
HPRegen 0.23/turn                d - ring of wizardry
MPRegen 0.07/turn                (no ring)

@: no status effects
A: (nimble swimmer 2), mertail
a: no special abilities


You were on level 1 of the Dungeon.
You visited 1 branch of the dungeon, and saw 1 of its levels.

Inventory:

Hand Weapons
 a - a +0 short sword (weapon)
Armour
 b - a +0 robe (worn)
Jewellery
 d - a ring of wizardry (left hand)
Potions
 c - a potion of ambrosia


   Skills:
 + Level 3.5 Fighting
 + Level 3.7 Short Blades
 + Level 4.1 Dodging
 + Level 2.2 Stealth


You couldn't memorise any spells.
You didn't know any spells.
Your spell library was empty.

Dungeon Overview and Level Annotations

Branches:
Dungeon (1/15)

Altars:


Innate Abilities, Weirdness & Mutations

((You are very nimble when in or above water. (Stealth+, EV+, Speed+++)))
Your lower body shifts to a powerful aquatic tail in water.


Message History

The bat attacks as you move away! The bat misses you.
The bat closely misses you. The hobgoblin attacks as you move away!
The hobgoblin hits you. The bat barely misses you. The hobgoblin hits you.
The hobgoblin attacks as you move away! The hobgoblin barely misses you.
Found a scroll labelled TIEGI KULL.
The hobgoblin barely misses you.
You hit the hobgoblin.
The hobgoblin is heavily wounded.
The bat barely misses you. The hobgoblin hits you. x2
You hit the hobgoblin but do no damage.
The hobgoblin is heavily wounded.
The bat closely misses you. The bat completely misses you.
The hobgoblin barely misses you. x2
You hit the hobgoblin.
You kill the hobgoblin!
The bat hits you. The hobgoblin closely misses you.
The jackal bites you but does no damage.
You hit the jackal.
The jackal is severely wounded.
The jackal closely misses you. The hobgoblin hits you.
* * * LOW HITPOINT WARNING * * *
You hit the jackal but do no damage.
The jackal is severely wounded.
The bat misses you. The jackal bites you.
* * * LOW HITPOINT WARNING * * *
The hobgoblin misses you.
You barely miss the jackal.
The jackal is severely wounded.
The jackal completely misses you. The jackal closely misses you.
You hit the jackal but do no damage.
The jackal is severely wounded.
The jackal closely misses you.
You hit the jackal but do no damage.
The jackal is severely wounded.
The hobgoblin barely misses you. The jackal bites you.
* * * LOW HITPOINT WARNING * * *
You barely miss the jackal.
The jackal is severely wounded.
The jackal bites you.
You die...

.........§...............#
..##...§≈≈≈§.....########
≈......§.≈≈§§.....##.....##.
≈......≈§§<≈§§....#..........
≈......≈≈≈≈≈§..###...........
..####..≈≈≈≈§..# #...........
. ##......#.# #...........
#...##.#.###b.........!
#......#..@hh.......... ..###
.#..g#........... ..#
.#.#..#....[.....
...##........##..
........#....###
..?......##.#.#
................
#........#...... ... #.......


You could see 2 jackals, a hobgoblin and a bat.

Vanquished Creatures
  2 hobgoblins (D:1)
  2 kobolds (D:1)
  3 rats (D:1)
7 creatures vanquished.

Notes
Turn   | Place    | Note
-------+----------+-------------------------------------------
     0 | D:1      | mikeweasel the Merfolk Monk began the quest for the Orb.
     0 | D:1      | Reached XP level 1. HP: 18/18 MP: 1/1
    97 | D:1      | Slain by a jackal

Illustrated notes

Levels and vault maps discovered:
D:1:      dpeg_arrival_pits, layout_rooms, corexii_hall_statues_s

Action                   || total
-------------------------++-------
Melee: Short sword       ||    18
Armor: Robe              ||     1
Dodge: Dodged            ||    23

Table legend: (Time is in decaauts)
 A = Elapsed time spent in this place.
 B = Non-inter-level travel time spent in this place.
 C = Inter-level travel time spent in this place.
 D = Time resting spent in this place.
 E = Time spent auto-exploring this place.
 F = Levels seen in this place.
 G = Mean time per level.
                   A        B        C        D        E       F      G
               +--------+--------+--------+--------+--------+-----+--------+
         Total |     93 |     93 |      0 |      0 |     35 |   1 |   93.0 |
       Dungeon |     93 |     93 |      0 |      0 |     35 |   1 |   93.0 |
               +--------+--------+--------+--------+--------+-----+--------+

Top non-repeatable levels by time:
     D:1: 93 daAuts
